 Dungeon Crawl Stone Soup version 0.28.0-43-g3370ac3207 (webtiles) character file.

Game seed: 9629351261154055202

186 TheDeanity the Cudgeller (level 5, -1/51 (53) HPs)
             Began as a Troll Fighter on Mar 15, 2022.
             Was a Follower of Uskayaw.
             Slain by an orc
             ... wielding a +0 club
              (2 damage)
             ... on level 3 of the Dungeon.
             The game lasted 00:07:19 (1600 turns).

TheDeanity the Cudgeller (Troll Fighter)            Turns: 1600, Time: 00:07:19

HP:   -1/51 (53)    AC:  4    Str: 26    XL:     5   Next: 38%
MP:   1/4           EV: 10    Int:  4    God:    Uskayaw [*.....]
Gold: 122           SH:  0    Dex:  9    Spells: 4/4 levels left

rFire   . . .      SeeInvis .   (no weapon)
rCold   . . .      Faith    .   (no shield)
rNeg    . . .      Spirit   .   b - +0 robe
rPois   .          Reflect  .   (helmet restricted)
rElec   .          Harm     .   (no cloak)
rCorr   .          Rampage  .   (gloves unavailable)
Will    .....                   (boots unavailable)
Stlth   +.........              (no amulet)
HPRegen 0.97/turn               (no ring)
MPRegen 0.09/turn               (no ring)

@: lightly drained
A: large, unfitting armour, claws 3, regeneration 1, shaggy fur 1, tough skin 1
a: Renounce Religion, Stomp


You were on level 3 of the Dungeon.
You worshipped Uskayaw.
Uskayaw was noncommittal.
You visited 1 branch of the dungeon, and saw 3 of its levels.

You collected 122 gold pieces.

Inventory:

Hand Weapons
 a - a +0 flail
 m - a +0 morningstar
Missiles
 o - 15 stones (quivered)
Armour
 b - a +0 robe (worn)
 c - a +0 kite shield
Jewellery
 s - a ring of see invisible
Scrolls
 g - 2 scrolls of identify {unknown}
 i - a scroll of magic mapping {unknown}
 j - a scroll of immolation {unknown}
 k - a scroll of enchant armour {unknown}
 q - a scroll of noise {unknown}
 r - a scroll of acquirement {unknown}
Potions
 d - a potion of might
 e - a potion of mutation {unknown}
 f - a potion of invisibility {unknown}
 h - a potion of berserk rage {unknown}
 l - a potion of heal wounds {unknown}
 n - a potion of curing {unknown}
 p - a potion of lignification {unknown}


   Skills:
 + Level 3.3 Fighting
 * Level 4.1 Maces & Flails
 + Level 1.3 Throwing
 - Level 2.4 Dodging
 - Level 2.4 Shields
 + Level 0.0 Invocations


You had 4 spell levels left.
You didn't know any spells.
Your spell library contained the following spells:

 Spells                   Type           Power      Damage    Failure   Level
 Gell's Gravitas          Tloc           0%         N/A       86%         3
 Lesser Beckoning         Tloc           0%         N/A       86%         3
 Teleport Other           Tloc           0%         N/A       86%         3
 Tukima's Dance           Hex            0%         N/A       86%         3
 Anguish                  Hex/Necr       0%         N/A       99%         4
 Enfeeble                 Hex            0%         N/A       100%        7


Dungeon Overview and Level Annotations

Branches:
Dungeon (3/15)

Altars:
Fedhas
Makhleb
Uskayaw


Innate Abilities, Weirdness & Mutations

You are too large for most types of armour.
You have claws for hands.
Your natural rate of healing is unusually fast.
You are covered in fur. (AC +1)
You have tough skin. (AC +1)


Message History

The orc priest hits you with a +0 flail!
The orc hits you but does no damage.
You are too injured to fight recklessly!
You are too injured to fight recklessly!
You are too injured to fight recklessly!
You are too injured to fight recklessly!
You are too injured to fight recklessly!
You are too injured to fight recklessly!
You are too injured to fight recklessly!
You are too injured to fight recklessly!
You are too injured to fight recklessly!
You are too injured to fight recklessly!
You stomp with the beat, sending a shockwave through the revellers around you!
The orc priest is moderately wounded.
The orc is almost dead.
You can no longer stomp with the beat.
The orc priest hits you with a +0 flail!
* * * LOW HITPOINT WARNING * * *
The orc completely misses you.
You can now stomp with the beat.
You barely miss the orc priest.
The orc priest is moderately wounded.
The orc priest hits you but does no damage.
The orc hits you but does no damage.
You scratch the orc priest but do no damage.
The orc priest is moderately wounded.
The orc priest barely misses you. The orc hits you with a +0 club.
* * * LOW HITPOINT WARNING * * *
Okay, then.
You don't have enough magic at the moment.
You barely miss the orc priest.
The orc priest is moderately wounded.
The orc priest barely misses you. The orc hits you but does no damage.
You scratch the orc priest.
The orc priest is severely wounded.
The orc priest mumbles some strange prayers to Beogh against you.
Beogh smites you!
* * * LOW HITPOINT WARNING * * *
The orc hits you with a +0 club.
You die...

#....#....#
....
##.####....#
....
#.......>....
# #....
##..##########
.. ##...# ..
###.########
.. #..#.....#
.#
##.#.....#.#
#......@o.#
###...?o###
#.....#
#.....#
#.....#
#.....#
#######


You could see an orc priest and an orc.

Vanquished Creatures
  An orc priest (D:3)
  2 orc wizards (D:3)
  4 adders
  A dart slug (D:3)
  12 orcs
  8 endoplasms
  3 giant cockroaches
  4 goblins
  3 hobgoblins
  3 quokkas
  7 ball pythons
  A bat (D:1)
  2 frilled lizards (D:1)
  3 kobolds
  6 rats
60 creatures vanquished.

Notes
Turn   | Place    | Note
-------+----------+-------------------------------------------
     0 | D:1      | TheDeanity the Troll Fighter began the quest for the Orb.
     0 | D:1      | Reached XP level 1. HP: 22/22 MP: 0/0
    83 | D:1      | Reached skill level 2 in Maces & Flails
   121 | D:1      | Reached XP level 2. HP: 28/29 MP: 1/1
   440 | D:2      | Reached XP level 3. HP: 13/36 MP: 2/2
   501 | D:2      | Found a faded altar of an unknown god.
   512 | D:2      | Reached skill level 3 in Maces & Flails
  1033 | D:3      | Reached XP level 4. HP: 37/45 MP: 3/3
  1133 | D:3      | Found a blossoming altar of Fedhas.
  1133 | D:3      | Found a hide-covered altar of Uskayaw.
  1212 | D:3      | Reached skill level 1 in Throwing
  1234 | D:3      | Reached XP level 5. HP: 37/53 MP: 4/4
  1324 | D:3      | Became a worshipper of Uskayaw the Reveller
  1382 | D:3      | Found a burning altar of Makhleb.
  1511 | D:3      | Reached * piety under Uskayaw
  1514 | D:3      | Reached skill level 4 in Maces & Flails
  1514 | D:3      | Reached ** piety under Uskayaw
  1600 | D:3      | HP: 1/51 [orc priest/divine providence (11)]
  1600 | D:3      | Slain by an orc

Illustrated notes

Levels and vault maps discovered:
D:1:      psy_arrival_dodecagon, layout_rooms
D:2:      minmay_general_purpose_star, layout_rooms,
          hellmonk_ecumenical_altar_run_dry
D:3:      layout_rooms, lemuel_doored_altar, lemuel_round_altar,
          amethyst_overflow_temple_binary

Skill      XL: |  1  2  3  4  5 |
---------------+----------------+-----
Maces & Flails | 2 3 4 |  4.1
Fighting       | 3 |  3.3
Throwing       | 1 |  1.3
Dodging        | |  2.4
Shields        | |  2.4

Action                   |  1- 3 |  4- 6 || total
-------------------------+-------+-------++-------
Melee: Flail             |    70 |       ||    70
       Unarmed           |    93 |    78 ||   171
Invok: Stomp             |       |     2 ||     2
 Stab: Sleeping          |     1 |       ||     1
Armor: Robe              |    56 |    17 ||    73
Dodge: Dodged            |    85 |    28 ||   113
